 Dungeon Crawl Stone Soup version 0.22-a0-40-g3d2f077 (webtiles) character file.

1912 Gorglomux the Covered (level 8, -2/75 HPs)
             Began as a Deep Dwarf Fighter on Jan 4, 2018.
             Was a Follower of Makhleb.
             Slain by an orc warrior
             ... wielding a +0 glaive
              (22 damage)
             ... on level 7 of the Dungeon.
             The game lasted 00:05:04 (4591 turns).

Gorglomux the Covered (Deep Dwarf Fighter)          Turns: 4591, Time: 00:05:05

Health: -2/75      AC: 11    Str: 21    XL:     8   Next: 95%
Magic:  5/5        EV:  8    Int: 10    God:    Makhleb [*.....]
Gold:   409        SH: 10    Dex: 12    Spells: 7/7 levels left

rFire    . . .     SeeInvis .   W - +2 trident (vamp)
rCold    . . .     Gourm    .   c - +0 shield
rNeg     + . .     Faith    .   U - +1 chain mail {MR+}
rPois    .         Spirit   .   (no helmet)
rElec    .         Reflect  .   (no cloak)
rCorr    .         Harm     .   (no gloves)
MR       ++...                  (no boots)
Stlth    ..........             (no amulet)
HPRegen  0.00/turn              h - ring of positive energy
MPRegen  0.09/turn              (no ring)

@: non-regenerating
A: damage resistance, heal wounds, sense surroundings 1, no regeneration
a: Heal Wounds, Renounce Religion


You were on level 7 of the Dungeon.
You worshipped Makhleb.
Makhleb was aware of your devotion.
You were not hungry.

You visited 1 branch of the dungeon, and saw 7 of its levels.

You collected 409 gold pieces.

Inventory:

Hand Weapons
 a - a +0 war axe
 W - a +2 vampiric trident (weapon)
Missiles
 Z - a throwing net (quivered)
Armour
 c - a +0 shield (worn)
 U - a +1 chain mail of magic resistance (worn)
Jewellery
 h - a ring of positive energy (left hand)
Wands
 I - a wand of iceblast (9)
Scrolls
 j - 2 scrolls of amnesia {unknown}
 l - a scroll of magic mapping {unknown}
 M - a scroll of immolation {unknown}
 P - 2 scrolls of enchant armour {unknown}
 R - a scroll of random uselessness {unknown}
 S - a scroll of enchant weapon {unknown}
 T - a scroll of fear {unknown}
 V - 2 scrolls of remove curse {unknown}
Potions
 d - 5 potions of might
 i - 2 potions of brilliance
 k - a potion of heal wounds
 n - a potion of agility
 N - a potion of flight
 Q - 2 potions of curing
 X - a potion of haste
 Y - a potion of berserk rage {unknown}
Comestibles
 f - 12 rations
 O - 2 chunks of flesh


   Skills:
 + Level 5.4 Fighting
 + Level 6.0 Axes
 + Level 6.6 Armour
 + Level 5.5 Dodging
 + Level 6.6 Shields


You had 7 spell levels left.
You didn't know any spells.

Dungeon Overview and Level Annotations

Branches:
Dungeon (7/15)
 Temple: D:4-7

Altars:
Dithmenos
Gozag
Makhleb
Qazlal
Xom
The Shining One


Innate Abilities, Weirdness & Mutations

You are resistant to damage.
You can heal yourself by infusing magical energy.
You passively map a small area around you.
You do not regenerate.


Message History

The orc warrior hits you but does no damage!
You fail to use butt's ability!
The orc warrior hits you with a glaive!
Your shield prevents you from hitting the orc warrior!
The orc butt is lightly butt!
The orc warrior hits you with a glaive!!! * * * don't die
* * * You perforate the orc warrior like a sieve!
You feel better!
The orc warrior is lightly wounded!
You block the orc warrior's attack!
Butt feel much better!
You block the orc warrior's attack!
You skewer the orc warrior like a kebab!
Butt feel better!
The orc warrior is lightly wounded!
The orc warrior hits you with a glaive!!! * * * don't die
* * * You spit the orc warrior but do no damage!
The orc warrior is lightly wounded!
The orc warrior hits you with a butt!!!!!! rip

....##...########..##
....##....... * #...# **
....##........* #...#
....##........###...#.##
*
######........##.......#
#........##.##....#*
#........##.#.<...# * *
....,,*#.#...>..# .....
#@#...#..+,
.....o##o#####..# * *
.......oo#*** ###
........%# * ###....%##
, #....[# ,, , #.....#*
* , .......# ........#


You could see an orc warrior and 2 orcs.

Vanquished Creatures
  Pikel (D:4)
  A wyvern (D:7)
  A hungry ghost (D:7)
  Edmund (D:6)
  A phantom (D:5)
  2 ogres (D:6)
  A bullfrog (D:6)
  A scorpion (D:5)
  A bullfrog zombie (D:7)
  2 crimson imps
  A hound (D:5)
  A bullfrog skeleton (D:7)
  A gnoll shaman (D:4)
  An iguana (D:6)
  Ijyb (D:4)
  Terence (D:3)
  2 orc wizards
  2 worker ants
  Natasha (thrice) (D:4)
  4 gnolls
  6 adders
  3 shadow imps
  A white imp (D:7)
  A worm (D:3)
  3 dart slugs
  3 leopard geckos
  7 orcs
  2 ball pythons
  6 bats
  7 giant cockroaches
  11 goblins
  3 hobgoblins (D:3)
  9 jackals
  3 quokkas
  A frilled lizard (D:1)
  2 goblin skeletons (D:7)
  A goblin zombie (D:7)
  4 hobgoblin zombies (D:7)
  A jackal skeleton (D:5)
  8 kobolds
  A kobold skeleton (D:7)
  A kobold zombie (D:7)
  An orc skeleton (D:7)
  An orc zombie (D:7)
  4 rats
119 creatures vanquished.

Vanquished Creatures (others)
  An adder (D:4)
  A leopard gecko (D:4)
2 creatures vanquished.

Grand Total: 121 creatures vanquished

Notes
Turn   | Place    | Note
-------+----------+-------------------------------------------
     0 | D:1      | Gorglomux the Deep Dwarf Fighter began the quest for the Orb.
     0 | D:1      | Reached XP level 1. HP: 20/20 MP: 1/1
   118 | D:1      | Reached XP level 2. HP: 27/27 MP: 2/2
   231 | D:1      | Reached skill level 1 in Dodging
   341 | D:1      | Reached skill level 3 in Fighting
   348 | D:1      | Reached XP level 3. HP: 28/34 MP: 3/3
   506 | D:1      | You fall through a shaft!
   625 | D:2      | Found a shimmering altar of Xom.
   770 | D:2      | Found a faded altar of an unknown god.
   936 | D:2      | Reached XP level 4. HP: 39/42 MP: 4/4
   955 | D:2      | Found a stormy altar of Qazlal.
  1479 | D:3      | Reached skill level 3 in Axes
  1486 | D:3      | Found a shadowy altar of Dithmenos.
  1571 | D:3      | Found an opulent altar of Gozag.
  1755 | D:3      | Found a glowing golden altar of the Shining One.
  1829 | D:3      | Noticed Terence
  1840 | D:3      | Killed Terence
  2129 | D:4      | Noticed Pikel
  2129 | D:4      | Noticed a slave
  2129 | D:4      | Noticed a slave
  2129 | D:4      | Noticed a slave
  2129 | D:4      | Noticed a slave
  2147 | D:4      | Killed Pikel
  2147 | D:4      | Reached skill level 3 in Dodging
  2147 | D:4      | Reached XP level 5. HP: 49/50 MP: 5/5
  2147 | D:4      | Reached XP level 6. HP: 56/57 MP: 6/6
  2147 | D:4      | Reached XP level 7. HP: 63/64 MP: 7/7
  2153 | D:4      | Found a burning altar of Makhleb.
  2209 | D:4      | Became a worshipper of Makhleb the Destroyer
  2310 | D:4      | Noticed Ijyb
  2313 | D:4      | Noticed Natasha
  2453 | D:4      | Killed Natasha
  2453 | D:4      | HP: 2/64 [acid (9)]
  2479 | D:4      | HP: 3/64 [acid (9)]
  2479 | D:4      | HP: 1/64 [gnoll (2)]
  2488 | D:4      | Killed Ijyb
  2540 | D:4      | Noticed Natasha
  2544 | D:4      | Killed Natasha
  2732 | D:4      | Noticed Natasha
  2745 | D:4      | Killed Natasha
  2769 | D:5      | Entered Level 5 of the Dungeon
  3293 | D:5      | Reached XP level 8. HP: 73/73 MP: 6/6
  3694 | D:6      | Found an opulent altar of Gozag.
  3726 | D:6      | Noticed Edmund
  3748 | D:6      | Killed Edmund
  3908 | D:6      | Reached skill level 6 in Armour
  3908 | D:6      | Reached skill level 6 in Shields
  4213 | D:6      | Reached * piety under Makhleb
  4434 | D:7      | Found a glowing golden altar of the Shining One.
  4547 | D:7      | Reached skill level 6 in Axes
  4591 | D:7      | Slain by an orc warrior

Vault maps used:
D:1:      eino_arrival_water_cross, hangedman_decor_opposing, minmay_tripent
D:2:      old_standard_altar, chequers_ecumenical_altar_simple,
          minmay_fountain_box, grunt_qazlal_sundering
D:3:      lemuel_round_altar, nicolae_dithmenos_through_a_glass_darkly,
          nicolae_gozag_cash_rules_everything_around_me, uniq_terence
D:4:      overflow_temple_1_default, first_ration, uniq_ijyb, uniq_pikel,
          uniq_natasha
D:5:      moated_statue
D:6:      lemuel_doored_altar, uniq_edmund
D:7:      gammafunk_temple_overflow_wave, minmay_temple_entry_nine_rooms,
          grunt_livestock, nicolae_tso_besieged_by_evil

Skill      XL: |  1  2  3  4  5  6  7  8 |
---------------+-------------------------+-----
Dodging        | 1 3 4 5 |  5.5
Fighting       | 3 4 5 |  5.4
Axes           | 4 5 6 |  6.0
Armour         | 5 6 |  6.6
Shields        | 5 6 |  6.6

Action                   |  1- 3 |  4- 6 |  7- 9 || total
-------------------------+-------+-------+-------++-------
Melee: War axe           |   134 |    87 |       ||   221
       Trident           |       |    22 |   402 ||   424
Throw: Throwing net      |       |       |     1 ||     1
 Abil: Heal Wounds       |     1 |       |    10 ||    11
  Use: Scroll            |       |       |     9 ||     9
       Potion            |       |       |     1 ||     1
  Eat: Chunk             |       |     3 |     9 ||    12
       Ration            |       |     2 |     2 ||     4
Armor: Scale mail        |    64 |    45 |       ||   109
       Chain mail        |       |     5 |   160 ||   165
Dodge: Dodged            |    43 |    34 |   120 ||   197
Block: Shield            |    89 |    58 |   215 ||   362

Table legend:
 A = Spawn XP
 B = Non-spawn XP
 C = Spawn XP percentage of total XP
 D = Spawn monster count
 E = Non-spawn monster count
 F = Spawn count percentage of total count
 G = Total turns spent on level
                    A         B        C        D         E        F      G
               +---------+---------+-------+---------+---------+-------+---------
         Total |       0 |    2732 |   0.0 |       0 |     119 |   0.0 |  4591
               +---------+---------+-------+---------+---------+-------+---------
           D:1 |       0 |      49 |   0.0 |       0 |      26 |   0.0 |   506
           D:2 |       0 |      52 |   0.0 |       0 |      10 |   0.0 |   593
           D:3 |       0 |     102 |   0.0 |       0 |      22 |   0.0 |  1071
           D:4 |       0 |     919 |   0.0 |       0 |      15 |   0.0 |   650
           D:5 |       0 |     390 |   0.0 |       0 |      14 |   0.0 |   784
           D:6 |       0 |     601 |   0.0 |       0 |      11 |   0.0 |   732
           D:7 |       0 |     619 |   0.0 |       0 |      21 |   0.0 |   255
               +---------+---------+-------+---------+---------+-------+---------
